 Dungeon Crawl Stone Soup version 0.27.0-1-g7a089689b8 (webtiles) character file.

Game seed: 12442606706487363125

63729 Anothat the Severer (level 14, -7/138 HPs)
             Began as a Minotaur Berserker on July 31, 2021.
             Was a High Priest of Trog.
             Mangled by a gargoyle (16 damage)
             ... on level 11 of the Dungeon.
             The game lasted 00:40:07 (27185 turns).

Anothat the Severer (Minotaur Berserker)           Turns: 27185, Time: 00:40:08

Health: -7/138     AC: 23    Str: 25    XL:     14   Next: 69%
Magic:  13/13      EV:  9    Int:  4    God:    Trog [*****.]
Gold:   1174       SH:  0    Dex: 12    Spells: 13/13 levels left

rFire    . . .     SeeInvis +   l - +3 battleaxe (flame)
rCold    . . .     Faith    .   (shield currently unavailable)
rNeg     . . .     Spirit   .   q - +1 plate armour
rPois    .         Reflect  .   (helmet restricted)
rElec    .         Harm     .   G - +0 cloak
rCorr    .         Rampage  .   (no gloves)
Will     +....                  E - +0 pair of boots
Stlth    ..........             (no amulet)
HPRegen  0.33/turn              c - ring of see invisible
MPRegen  0.13/turn              (no ring)

@: on berserk cooldown, slowed, very slow
A: horns 2, retaliatory headbutt
a: Renounce Religion, Berserk, Trog's Hand, Brothers in Arms


You were on level 11 of the Dungeon.
You worshipped Trog.
Trog was extremely pleased with you.
You visited 2 branches of the dungeon, and saw 17 of its levels.
You also visited: Sewer.

You collected 1174 gold pieces.

Inventory:

Hand Weapons
 a - a +1 hand axe of protection
 k - the +14 obsidian axe {vorpal, Drain Fly SInv}
   (You acquired it on level 10 of the Dungeon)

   It inflicts extra damage upon your enemies.
   It occasionally summons demons to assist the wielder when it strikes in
   combat.
   Its wielder is mesmerised by any visible foes.
   It cannot be unequipped while any foes are visible.
   SInv:      It lets you see invisible.
   Fly:       It grants you flight.
   Drain:     It drains your maximum health when unequipped.
 l - a +3 battleaxe of flaming (weapon)
 y - a +3 vorpal battleaxe
 A - a +0 battleaxe
Armour
 b - a +0 animal skin
 p - a +0 scale mail
 q - a +1 plate armour (worn)
 E - a +0 pair of boots (worn)
 G - a +0 cloak (worn)
Jewellery
 c - a ring of see invisible (left hand)
 x - an amulet of faith
 C - an amulet of magic regeneration
 I - a ring of fire
Wands
 h - a wand of digging (1)
 m - a wand of charming (7)
 v - a wand of flame (19)
 F - a wand of polymorph (18)
 H - a wand of iceblast (6)
Scrolls
 d - 3 scrolls of magic mapping
 f - 4 scrolls of vulnerability
 g - 9 scrolls of identify
 i - 5 scrolls of teleportation
 n - 3 scrolls of enchant weapon
 w - 2 scrolls of enchant armour
Potions
 e - 4 potions of attraction
 j - 3 potions of flight
 o - 6 potions of lignification
 r - 4 potions of degeneration
 s - 3 potions of ambrosia
 t - 5 potions of curing
 u - a potion of might
 z - a potion of haste
 B - a potion of mutation
 D - a potion of cancellation {unknown}


   Skills:
 + Level 16.8 Fighting
 * Level 18.7 Axes
 * Level 18.5 Armour
 - Level 2.5 Dodging


You had 13 spell levels left.
You didn't know any spells.
Your spell library was empty.

Dungeon Overview and Level Annotations

Branches:
Dungeon (11/15)            Temple (0/1) D:7            Lair (6/6) D:9
  Swamp (0/4) Lair:3       Spider (0/4) Lair:4        Slime (0/5) Lair:5
    Orc (0/2) D:11          Sewer (visited)

Altars:
Vehumet
Zin

Shops:
D:1 (   D:10 =

Annotations:
D:4 1 runed translucent door, Crazy Yiuf
D:6 2 transporters, orehx's ghost, weakling MiDe
Lair:2 2 transporters
Lair:6 exclusions: obsidian statue and 3 oklob plants


Innate Abilities, Weirdness & Mutations

You have a pair of horns on your head.
You reflexively headbutt those who attack you in melee.


Message History

You kill the meliai!
Trog accepts your kill.
You closely miss the meliai.
The meliai invokes the aid of its god against you.
Something smites you!
* * * LOW HITPOINT WARNING * * *
The gargoyle hurls a stone arrow at you.
The stone arrow hits you!!
* * * LOW HITPOINT WARNING * * *
The meliai mumbles some strange prayers to its god against you.
Something smites you!
* * * LOW HITPOINT WARNING * * *
The orc wizard mumbles some strange words.
The orc wizard flickers and vanishes for a moment.
You are too berserk!
You barely miss the orc. You slash the meliai! You burn the meliai.
You kill the meliai!
Trog accepts your kill.
You carve the orc like a ham!!! You burn the orc.
You kill the orc!
Trog accepts your kill.
You bump into the rock wall.
The orc wizard gestures at you while chanting.
You resist with almost no effort.
You hit the gargoyle but do no damage. Your headbutt misses the gargoyle.
You hit the orc wizard. You burn the orc wizard.
You feel less confused.
You are no longer berserk.
You are exhausted.
You feel yourself slow down.
Okay, then.
Okay, then.
Okay, then.
Okay, then.
You feel better.
The gargoyle hurls a stone arrow at you.
The stone arrow misses you.
The orc wizard hits you but does no damage.
The gargoyle hits you with a +0 flail!
You die...

#..#.............#.#......#.#
#..###'###########.#......#.#
##..................########.#
#............................#
#######......................#
#.............>........#
#.......................
#.....##'#.....####'####
#.....#@.#.....#........
#....)#9o#.....#........
#.....)o.####..#........
#....)#.....#.[#........
#..†..#.....#..#........
#...###.....+..#........ #...#
......# #####.... #.....#
......# #.....# ......#


You could see a gargoyle and 2 orc wizards.

Vanquished Creatures
  Rupert (Lair:6)
  Nessos (Lair:6)
  4 dire elephants (Lair:6)
  Josephine (Lair:6)
  A boulder beetle (D:11)
  6 hydras
  3 two-headed ogres
  3 catoblepae
  A death yak (Lair:6)
  Nergalle (D:10)
  A spectral death yak (Lair:6)
  A spectral anaconda (Lair:6)
  3 necromancers (Lair:6)
  An ugly thing (D:9)
  16 elephants
  Joseph (D:10)
  10 black mambas
  A torpor snail (Lair:2)
  15 cane toads
  3 rime drakes (Lair:6)
  12 komodo dragons
  3 meliai (D:11)
  A polar bear (Lair:5)
  2 hornets
  13 blink frogs
  2 redbacks
  40 yaks
  A tarantella (shapeshifter) (D:9)
  4 wraiths
  5 basilisks
  4 wyverns
  2 death yak simulacra (Lair:6)
  2 spectral cane toads (Lair:6)
  2 steam dragons
  2 swamp worms (Lair:3)
  16 water moccasins
  An acid dragon (D:11)
  Duvessa (D:7)
  2 elephant zombies (Lair:6)
  A hornet zombie (D:7)
  4 orc warriors
  4 black bears
  2 sky beasts
  2 ogres
  2 necrophages (D:9)
  23 wolves
  4 centaurs
  An elephant skeleton (Lair:6)
  Blork the orc (D:4)
  A phantom (D:5)
  12 bullfrogs
  5 kobold brigands
  Dowan (D:7)
  2 cane toad simulacra (Lair:6)
  3 scorpions
  A water moccasin skeleton (D:5)
  8 killer bees
  An elephant simulacrum (Lair:6)
  7 wights
  2 electric eels
  7 centaur zombies
  4 howler monkeys
  A crimson imp (D:7)
  2 hounds (D:5)
  A centaur skeleton (D:5)
  4 jellies
  A gnoll shaman (D:7)
  5 orc priests
  An iguana (D:5)
  Terence (D:2)
  8 orc wizards
  2 howler monkey zombies
  17 gnolls
  6 river rats
  6 adders
  2 white imps
  An ufetubus (D:5)
  An adder skeleton (D:2)
  2 worms
  2 dart slugs (D:1)
  25 orcs
  10 endoplasms
  6 giant cockroaches
  4 hobgoblins
  17 jackals
  3 quokkas (D:4)
  9 ball pythons
  2 bats
  13 frilled lizards
  5 goblins
  28 kobolds
  7 rats
479 creatures vanquished.

Vanquished Creatures (collateral kills)
  4 hydras
  An elephant (Lair:4)
  A black mamba (Lair:1)
  A polar bear (Lair:6)
  4 blink frogs (Lair:6)
  4 yaks (Lair:1)
  2 water moccasins
  A bullfrog (Lair:4)
18 creatures vanquished.

Vanquished Creatures (others)
  32 fungi
  90 plants
  36 withered plants
158 creatures vanquished.

Grand Total: 655 creatures vanquished

Notes
Turn   | Place    | Note
-------+----------+-------------------------------------------
     0 | D:1      | Anothat the Minotaur Berserker began the quest for the Orb.
     0 | D:1      | Reached XP level 1. HP: 19/19 MP: 0/0
   144 | D:1      | Reached XP level 2. HP: 14/27 MP: 1/1
   527 | D:1      | Reached ** piety under Trog
   814 | D:1      | Reached XP level 3. HP: 33/33 MP: 2/2
   931 | D:1      | Found Reta's Antique Weapon Emporium.
  1509 | D:2      | Found a faded altar of an unknown god.
  1724 | D:2      | Noticed Terence
  1736 | D:2      | Killed Terence
  1737 | D:2      | Reached XP level 4. HP: 32/41 MP: 3/3
  2210 | D:3      | Reached skill level 5 in Axes
  2213 | D:3      | Reached XP level 5. HP: 47/47 MP: 4/4
  2217 | D:3      | Reached skill level 5 in Fighting
  3223 | D:4      | Noticed Blork the orc
  3235 | D:4      | Reached *** piety under Trog
  3246 | D:4      | Killed Blork the orc
  3247 | D:4      | Reached skill level 5 in Armour
  3247 | D:4      | Reached XP level 6. HP: 36/57 MP: 5/5
  3539 | D:4      | Found a glowing drain.
  3562 | Sewer    | Entered a sewer
  3679 | Sewer    | Reached XP level 7. HP: 47/64 MP: 6/6
  3780 | Sewer    | Found a glowing silver altar of Zin.
  3856 | D:4      | Found a runed translucent door.
  3857 | D:4      | Noticed Crazy Yiuf
  4701 | D:5      | Entered Level 5 of the Dungeon
  4873 | D:5      | Reached **** piety under Trog
  4982 | D:5      | Reached XP level 8. HP: 74/74 MP: 7/7
  6247 | D:6      | Found a transporter.
  6249 | D:6      | Noticed orehx's ghost (weakling MiDe)
  6253 | D:6      | Found a transporter.
  6761 | D:7      | Reached XP level 9. HP: 72/84 MP: 8/8
  7008 | D:7      | Found a staircase to the Ecumenical Temple.
  7161 | D:7      | Reached skill level 10 in Axes
  7684 | D:7      | Reached skill level 10 in Fighting
  7742 | D:7      | Noticed Duvessa
  7743 | D:7      | Noticed Dowan
  7754 | D:7      | Killed Duvessa
  7766 | D:7      | Killed Dowan
  8334 | D:8      | Reached skill level 10 in Armour
  8471 | D:8      | Found a glowing silver altar of Zin.
  9211 | D:9      | Noticed a two-headed ogre
  9227 | D:8      | Reached ***** piety under Trog
  9441 | D:8      | Killed a two-headed ogre
  9442 | D:8      | Reached XP level 10. HP: 64/96 MP: 9/9
  9839 | D:9      | Noticed a purple ugly thing
  9868 | D:9      | Killed a purple ugly thing
 10019 | D:9      | Found a staircase to the Lair.
 10583 | D:9      | Paralysed by a hornet for 2 turns
 12155 | D:10     | Entered Level 10 of the Dungeon
 12160 | D:10     | Reached XP level 11. HP: 86/105 MP: 10/10
 12440 | D:10     | Noticed Joseph
 12478 | D:10     | Killed Joseph
 12923 | D:10     | Noticed Nergalle
 12939 | D:10     | Killed Nergalle
 13022 | D:10     | Identified the +2 robe of the Turtle {Rampage rC++ Dex+4}
 13036 | D:10     | Noticed a two-headed ogre
 13041 | D:10     | Killed a two-headed ogre
 13236 | D:10     | Received a gift from Trog
 13497 | D:10     | Found Hogoxkapn's Jewellery Boutique.
 13728 | D:10     | Identified a scroll of acquirement
 13728 | D:10     | Acquired the +14 obsidian axe {vorpal, Drain Fly SInv}
 13729 | D:10     | Found the +14 obsidian axe {vorpal, Drain Fly SInv}
 13766 | D:11     | Noticed a two-headed ogre
 13774 | D:11     | Killed a two-headed ogre
 13992 | Lair:1   | Entered Level 1 of the Lair of Beasts
 14439 | Lair:1   | Reached XP level 12. HP: 96/118 MP: 11/11
 15217 | Lair:1   | Reached skill level 15 in Axes
 15408 | Lair:1   | Noticed an eight-headed hydra
 15417 | Lair:1   | Killed an eight-headed hydra
 15752 | Lair:2   | Found a transporter.
 15754 | Lair:2   | Found a transporter.
 15791 | Lair:2   | Noticed a boulder beetle
 16010 | Lair:2   | Noticed a seven-headed hydra
 16017 | Lair:2   | Killed a seven-headed hydra
 16018 | Lair:2   | Reached skill level 15 in Armour
 16026 | Lair:2   | Reached skill level 15 in Fighting
 17185 | Lair:2   | Noticed an eight-headed hydra
 17194 | Lair:2   | Killed an eight-headed hydra
 17589 | Lair:2   | Noticed a boulder beetle
 17777 | Lair:3   | Noticed a catoblepas
 17784 | Lair:3   | Killed a catoblepas
 17917 | Lair:3   | Reached XP level 13. HP: 122/127 MP: 12/12
 20504 | Lair:3   | Found a staircase to the Swamp.
 21127 | Lair:4   | Acquired the +3 buckler "Puar" {Fly rPois rF+ Stlth-}
 21392 | Lair:4   | Found a hole to the Spider Nest.
 21786 | Lair:5   | Found a staircase to the Slime Pits.
 22529 | Lair:6   | Entered Level 6 of the Lair of Beasts
 23082 | Lair:6   | Noticed Nessos
 23107 | Lair:6   | Killed Nessos
 23699 | Lair:6   | Reached XP level 14. HP: 101/137 MP: 13/13
 24100 | Lair:6   | Noticed Rupert
 24110 | Lair:6   | Killed Rupert
 24416 | Lair:6   | Received a gift from Trog
 24551 | Lair:6   | Noticed Josephine
 24566 | Lair:6   | Killed Josephine
 26841 | D:11     | Found a radiant altar of Vehumet.
 26899 | D:11     | Found a staircase to the Orcish Mines.
 27179 | D:11     | HP: 3/207 [meliai/divine providence (12)]
 27185 | D:11     | Mangled by a gargoyle

Illustrated notes

Levels and vault maps discovered:
D:1:      zelgadis_glass_arrival_small, layout_basic, serial_shops, shop,
          st_stairs_11, grunt_decor_clamped, minivault_23, minmay_lizard_pond
D:2:      layout_basic, chequers_ecumenical_altar_twisty, uniq_terence
D:3:      layout_loops_cross
D:4:      cheibrodos_quashed, layout_rooms, portal_sewer_entry_e,
          uniq_crazy_yiuf_cottage, uniq_blork_the_orc
D:5:      layout_cave_pools
D:6:      layout_basic, gammafunk_ghost_mausoleum, kennysheep_small_square
D:7:      layout_layer_cave, minmay_temple_entry_stoned_glass,
          minmay_fire_ice_demons, uniq_duvessa
D:8:      layout_cave_pools, mainiacjoe_overflow_tiny_flanked
D:9:      layout_basic, minmay_lair_entry_grove, serial_undead, serial_undead_d,
          serial_undead_f, serial_undead_e, serial_undead_e
D:10:     layout_small_grid, serial_shops, nicolae_shop_trees,
          evilmike_butchery, uniq_nergalle, uniq_joseph
D:11:     layout_irregular_city, orc_0_dummy, nicolae_vehumet_radiance
Lair:1:   cheibrodos_lair_river_kwai, layout_cave_pods
Lair:2:   gammafunk_boulding_lane, layout_gridlike, enter_volcano_1,
          hangedman_lair_generics_rect
Lair:3:   layout_regular_city, palyth_hydra_swamp_entry, serial_rivers,
          chequers_serial_rivers_small_b, chequers_serial_rivers_micro_a,
          chequers_serial_rivers_room_b, chequers_serial_rivers_small_b,
          infiniplex_staircase_pool_2
Lair:4:   layout_gridlike, spider_nest_entry_webs, serial_bayou_pond_b,
          serial_bayou_shore_b
Lair:5:   layout_misc_corridors, nicolae_slime_entry_slimehenge, st_stairs_7
Lair:6:   due_jungle_book, layout_concentric_octagons,
          minmay_lair_oklob_chamber, grunt_megastairs_2, serial_bayou_shore_a,
          uniq_rupert, uniq_nessos, uniq_josephine

Skill      XL: |  1  2  3  4  5  6  7  8  9 10 11 12 13 14 |
---------------+-------------------------------------------+-----
Axes           | 4 5 6 7 9 11 12 14 16 17 18 | 18.7
Fighting       | 4 5 6 7 9 11 12 14 15 16 | 16.8
Armour         | 3 4 5 6 7 9 11 12 14 15 17 18 | 18.5
Dodging        | |  2.5

Action                   |  1- 3 |  4- 6 |  7- 9 | 10-12 | 13-15 || total
-------------------------+-------+-------+-------+-------+-------++-------
Melee: Hand axe          |    96 |   122 |   354 |    36 |       ||   608
       Headbutt          |    10 |    22 |    74 |    90 |   140 ||   336
       Battleaxe         |       |       |       |   315 |   459 ||   774
       Broad axe         |       |       |       |    74 |       ||    74
Throw: Throwing net      |       |     1 |     1 |     6 |       ||     8
Invok: Berserk           |       |     1 |     2 |     5 |     7 ||    15
       Brothers in Arms  |       |       |       |       |     7 ||     7
Evoke: Wand              |       |       |       |    19 |    30 ||    49
  Use: Scroll            |       |       |    11 |     2 |    12 ||    25
       Potion            |       |       |       |     7 |     4 ||    11
 Stab: Sleeping          |     2 |       |       |       |       ||     2
       Held in net/web   |       |       |       |     3 |       ||     3
       Distracted        |       |       |       |     1 |       ||     1
Armor: Animal skin       |    13 |     4 |       |       |       ||    17
       Scale mail        |       |     9 |       |       |       ||     9
       Plate armour      |       |    37 |   240 |   277 |   382 ||   936
Dodge: Dodged            |    87 |    58 |   139 |   191 |   233 ||   708
